 Dungeon Sprint DCSS version 0.31-a0-662-g684573625c (webtiles) character file.

Game seed: 11726091484443119809

137 rocky1 the Ruffian (level 5, 0/40 HPs)
             Began as a Djinni Shapeshifter on Aug 31, 2023.
             Slain by a shadow (11 damage)
             ... in the Dungeon (Sprint III: "The Ten Rune Challenge").
             The game lasted 00:00:55 (306 turns).

rocky1 the Ruffian (Djinni Shapeshifter)             Turns: 306, Time: 00:00:56

Health: 0/40       AC:  2    Str: 13    XL:     5   Next: 43%
Gold:   17         EV: 13    Int: 14    God:
                   SH:  0    Dex: 12

rFire   + +          .
                       - Unarmed
rCold   x . .        (no shield)
rNeg    . . .        a - +0 animal skin
rPois   ∞            (helmet currently unavailable)
rElec   .            (cloak currently unavailable)
rCorr   .            (gloves currently unavailable)
SInv    .            (boots unavailable)
Will    .....        (no amulet)
Stlth   +            (no ring)
HPRegen 0.26/turn    (no ring)
MPRegen 0.00/turn

%: no teleportation, infuse magic (-1 HP)
@: beast-form, flying
A: beast (slay +3), flying, sickness immunity, fire resistance 2, cold
vulnerability 1, float, innate caster, HP casting, extra vitality 1
a: Begin Untransformation


You were in the Dungeon.
You were a hulking beast.
You visited 1 branch You collected 17 gold pieces.

Inventory:

Armour
 a - a +0 animal skin (worn)
Talismans
 c - a beast talisman (active)
 d - a flux talisman
Scrolls
 i - a scroll of blinking
 j - 3 scrolls of identify {unknown}
 l - 2 scrolls of poison {unknown}
 m - a scroll of enchant armour {unknown}
Potions
 b - a potion of lignification
 e - a potion of curing
 f - a potion of heal wounds
 g - 2 potions of haste
 k - 4 potions of mutation {unknown}
 n - a potion of invisibility {unknown}


   Skills:
 * Level 2.8 Fighting
 + Level 3.4 Dodging
 * Level 7.9 Unarmed Combat
 + Level 5.4 Shapeshifting


You knew the following spells:

 Your Spells              Type           Power      Damage    Failure   Level
a - Sandblast             Erth           0%         2d4       28%         1
b - Ensorcelled Hibernat  Hex/Ice        0%         N/A       41%         2
Your spell library was empty.

Dungeon Overview and Level Annotations

Branches:
Dungeon (1/1)

Altars:


Innate Abilities, Weirdness & Mutations

You are a hulking beast.
Your limbs bulge with bestial killing power. (Slay +3)
You are flying.
You are immune to sickness and miasma.
You are immune to poison.
Your flesh is very heat resistant. (rF++)
You are vulnerable to cold. (rC-)
You float through the air rather than walking.
You learn spells naturally, not from books.
Your magical power is your life essence.
You have superior vitality. (+4 MHP)


Message History

The shadow is lightly damaged.
The shadow misses you.
You barely miss the shadow. The shadow closely misses you.
You barely miss the shadow. You barely miss the shadow. The shadow hits you.
You hit the shadow.
The shadow is moderately damaged.
The shadow hits you!
You hit the shadow but do no damage.
The shadow is moderately damaged.
The shadow slips into darkness.
The shadow flickers and vanishes!
Deactivating autopickup; reactivate with Ctrl-A.
You closely miss something.
The shadow strikes at you from the darkness!
* * * LOW HITPOINT WARNING * * *
Reactivating autopickup.
You barely miss the shadow.
The shadow is moderately damaged.
The shadow hits you.
* * * LOW HITPOINT WARNING * * *
You hit the shadow.
The shadow is moderately damaged.
You closely miss the shadow.
The shadow is moderately damaged.
The shadow misses you.
You punch the shadow!
The shadow is severely damaged.
The shadow hits you.
You closely miss the shadow.
The shadow is severely damaged.
The shadow hits you.
You hit the shadow.
The shadow is almost destroyed.
The shadow slips into darkness.
The shadow flickers and vanishes!
Deactivating autopickup; reactivate with Ctrl-A.
You hit something but do no damage.
The shadow strikes at you from the darkness!
You die...

▓ ▓▓▓ ♣♣ ♣.# .♣
♣♣.# .♣ ♣..#
♣♣♣♣♣.###+#+###+##
♣♣.♣..#..........#
~.....'.⌠........#
~~~♣..#...######h#
~~....#.⌠.# #.{.#
~.....#...# #...#
......#+### #...#
......# #...+
......# +...#
▓▓▓▓▓▓▓ ▓▓▓▓▓


There were no monsters in sight!

Vanquished Creatures
  A water elemental (D)
  A jelly (D)
  Jessica (D)
  A human (D)
  A phantom (D)
  An endoplasm (D)
  A rat (D)
7 creatures vanquished.

Notes
Turn   | Place    | Note
-------+----------+-------------------------------------------
     0 | D        | rocky1 the Djinni Shapeshifter began the quest for the Orb.
     0 | D        | Reached XP level 1. HP: 17/17 MP: 0/0
    14 | D        | Noticed Jessica
    24 | D        | Killed Jessica
    25 | D        | Reached skill level 4 in Unarmed Combat
    25 | D        | Reached XP level 2. HP: 15/22 MP: 0/0
    25 | D        | Reached XP level 3. HP: 19/27 MP: 0/0
    25 | D        | Learned a level 1 spell: Sandblast
    75 | D        | Reached skill level 5 in Unarmed Combat
   159 | D        | Reached XP level 4. HP: 23/33 MP: 0/0
   208 | D        | Noticed a water elemental
   213 | D        | Killed a water elemental
   214 | D        | Reached skill level 7 in Unarmed Combat
   214 | D        | Reached skill level 5 in Shapeshifting
   214 | D        | Reached XP level 5. HP: 39/39 MP: 0/0
   214 | D        | Learned a level 2 spell: Ensorcelled Hibernation
   287 | D        | Noticed a shadow
   306 | D        | Slain by a shadow

Illustrated notes

Levels and vault maps discovered:
D:        dungeon_sprint_mu [sprint_mu_entry_forest, sprint_mu_temple_rooms,
          sprint_mu_d1_horrors, sprint_mu_d2_genie, sprint_mu_d3_branching,
          sprint_mu_orc_legion, sprint_mu_elf_gauntlet, sprint_mu_hive_nellie,
          sprint_mu_lair_fedhas, sprint_mu_vaults_butterflies,
          sprint_mu_slime_circle, sprint_mu_shoals_archi,
          sprint_mu_snake_twists, sprint_mu_blade_basic, sprint_mu_crypt_lich,
          sprint_mu_tomb_spiral, sprint_mu_vestibule_basic,
          sprint_mu_gehenna_hellfire, sprint_mu_dis_giant,
          sprint_mu_tartarus_statrot, sprint_mu_cocytus_islands, sprint_mu_zot1]

Skill      XL: |  1  2  3  4 |
---------------+-------------+-----
Shapeshifting  | 4 5 |  5.4
Unarmed Combat | 4 5 7 |  7.9
Dodging        | 3 |  3.4
Fighting       | 2 |  2.8

Action                     |  1- 3 |  4- 6 || total
---------------------------+-------+-------++-------
  Melee: Unarmed           |    32 |    28 ||    60
         Punch             |     2 |       ||     2
    Use: Potion            |       |     1 ||     1
 Armour: Animal skin       |     8 |    10 ||    18
  Dodge: Dodged            |    17 |    11 ||    28

Table legend: (Time is in decaauts)
 A = Elapsed time spent in this place.
 B = Non-inter-level travel time spent in this place.
 C = Inter-level travel time spent in this place.
 D = Time resting spent in this place.
 E = Time spent auto-exploring this place.
 F = Levels seen in this place.
 G = Mean time per level.
                   A        B        C        D        E       F      G
               +--------+--------+--------+--------+--------+-----+--------+
         Total |    310 |    310 |      0 |    147 |      6 |   1 |  310.0 |
       Dungeon |    310 |    310 |      0 |    147 |      6 |   1 |  310.0 |
               +--------+--------+--------+--------+--------+-----+--------+

Top non-repeatable levels by time:
       D: 310 daAuts
